 Dungeon Crawl Stone Soup version 0.25.0-9-g26727b657a (webtiles) character file.

Game seed: 9030013827916325197

45 MirrMurr the Sneak (level 3, 0/16 HPs)
             Began as a Spriggan Enchanter on June 20, 2020.
             Slain by a rat (1 damage)
             ... on level 3 of the Dungeon.
             The game lasted 00:02:48 (1538 turns).

MirrMurr the Sneak (Spriggan Enchanter)             Turns: 1538, Time: 00:02:49

Health: 0/16       AC:  2    Str:  5    XL:     3   Next: 42%
Magic:  6/8        EV: 18    Int: 16    God:
Gold:   43         SH:  0    Dex: 16    Spells: 1/7 levels left

rFire    . . .     SeeInvis +   a - +1 dagger
rCold    . . .     Gourm    .   (shield restricted)
rNeg     . . .     Faith    .   b - +0 robe
rPois    .         Spirit   .   (helmet restricted)
rElec    .         Reflect  .   (no cloak)
rCorr    .         Harm     .   (gloves unavailable)
MR       .....                  (boots unavailable)
Stlth    +++.......             (no amulet)
HPRegen  0.05/turn              (no ring)
MPRegen  0.11/turn              (no ring)

@: confusing touch, very quick
A: very small, unfitting armour, see invisible, herbivore, speed 3, slow
metabolism 2
a: no special abilities


You were on level 3 of the Dungeon.
You were not hungry.

You visited 1 branch of the dungeon, and saw 3 of its levels.

You collected 43 gold pieces.

Inventory:

Hand Weapons
 a - a +1 dagger (weapon)
Missiles
 e - 2 throwing nets (quivered)
 k - 44 stones
Armour
 b - a +0 robe (worn)
Scrolls
 h - a scroll of identify {unknown}
 l - a scroll of teleportation {unknown}
 m - a scroll of enchant weapon {unknown}
Potions
 d - a potion of mutation {unknown}
 f - 4 potions of curing {unknown}
 g - a potion of invisibility {unknown}
 i - a potion of might {unknown}
 j - a potion of brilliance {unknown}
Comestibles
 c - 4 rations


   Skills:
 + Level 2.7 Short Blades
 - Level 3.0 Dodging
 + Level 5.8 Stealth
 - Level 2.6 Spellcasting
 - Level 3.6 Hexes


You had one spell level left.
You knew the following spells:

 Your Spells              Type           Power        Failure   Level  Hunger
a - Ensorcelled Hibernat  Hex/Ice        #.....       14%         2    ##.....
b - Confusing Touch       Hex            ##......     13%         3    ###....
C - Corona                Hex            ##.....      4%          1    #......

Your spell library contained the following spells:

 Spells                   Type           Power        Failure   Level  Hunger
 Tukima's Dance           Hex            ##......     13%         3    ###....
 Dazzling Flash           Conj/Hex       #.....       28%         3    ###....


Dungeon Overview and Level Annotations

Branches:
Dungeon (3/15)

Altars:
Ashenzari
Trog

Annotations:
D:3 Grinder, Robin


Innate Abilities, Weirdness & Mutations

You are very small and have problems with some larger weapons.
You are too small for most types of armour.
You have supernaturally acute eyesight. (SInv)
You are a herbivore.
You cover ground extremely quickly.
You need to consume almost no food.


Message History

You hit Grinder but do no damage.
Grinder is lightly wounded.
The rat barely misses you.
You hit Grinder but do no damage.
Grinder is lightly wounded.
Grinder hits you.
You writhe in agony.
* * * LOW HITPOINT WARNING * * *
You hit Grinder but do no damage. The rat barely misses you.
Grinder closely misses you.
You hit Grinder but do no damage. The rat misses you.
Grinder barely misses you.
You hit Grinder but do no damage. The rat bites you.
* * * LOW HITPOINT WARNING * * *
Grinder gestures at you. You resist with significant effort.
You hit Grinder but do no damage. The rat bites you.
* * * LOW HITPOINT WARNING * * *
Grinder closely misses you.
You hit Grinder but do no damage. The rat bites you.
You die...

##..... #...#.# #.....
#...#.# #.....
###...#.## #.##.#
#........ .......
###.......## .##(##.#
........... .. ....
.......r.#####
#.##.#..#
#@5....###.##....
#..............#
#..............#.#
#..............#..
#..............###
#.................
######.................
#.....<............)...
#...........###.##.#.#.


You could see Grinder and a rat.

Vanquished Creatures
  An adder (D:2)
  A dart slug (D:2)
  A leopard gecko (D:2)
  4 orcs
  4 bats (D:2)
  2 giant cockroaches
  3 goblins
  5 hobgoblins
  4 kobolds
  A rat (D:2)
26 creatures vanquished.

Notes
Turn   | Place    | Note
-------+----------+-------------------------------------------
     0 | D:1      | MirrMurr the Spriggan Enchanter began the quest for the
                  | Orb.
     0 | D:1      | Reached XP level 1. HP: 9/9 MP: 5/5
   313 | D:2      | Reached skill level 5 in Stealth
   313 | D:2      | Reached XP level 2. HP: 13/13 MP: 6/6
   317 | D:2      | Learned a level 2 spell: Ensorcelled Hibernation
   432 | D:3      | Noticed Robin
   661 | D:2      | Reached XP level 3. HP: 12/16 MP: 2/8
  1081 | D:3      | Found a bloodstained altar of Trog.
  1081 | D:3      | Found a shattered altar of Ashenzari.
  1503 | D:3      | Noticed Grinder
  1517 | D:2      | Learned a level 3 spell: Confusing Touch
  1538 | D:3      | Slain by a rat

Illustrated notes

Levels and vault maps discovered:
D:1:      dpeg_arrival_round_a, layout_basic
D:2:      layout_basic, minmay_misc_feat_rows
D:3:      layout_basic, chequers_temple_overflow_statue_of_worship,
          grunt_ministairs_15, columned_hall_lemuel, uniq_robin, uniq_grinder,
          uniq_sigmund

Skill      XL: |  1  2 |
---------------+-------+-----
Stealth        | 5 |  5.8
Short Blades   | 2 |  2.7
Dodging        | |  3.0
Spellcasting   | |  2.6
Hexes          | |  3.6

Action                   || total
-------------------------++-------
Melee: Dagger            ||    94
 Cast: Ensorcelled Hiber ||     9
       Confusing Touch   ||     1
 Stab: Sleeping          ||    10
Armor: Robe              ||    13
Dodge: Dodged            ||    77
